 Dungeon Crawl Stone Soup version 0.24-a0-584-g9d6b971ae4 (webtiles) character file.

Game seed: 16202880748613584098, levelgen mode: deterministic

202 BinkBink the Cudgeler (level 5, -1/50 HPs)
             Began as a Deep Dwarf Berserker on Sept 5, 2019.
             Was a Priest of Trog.
             Slain by Menkaure (20 damage)
             ... on level 5 of the Dungeon.
             The game lasted 00:04:23 (1751 turns).

BinkBink the Cudgeler (Deep Dwarf Berserker)        Turns: 1751, Time: 00:04:24

Health: -1/50      AC:  6    Str: 22    XL:     5   Next: 50%
Magic:  4/4        EV: 11    Int:  7    God:    Trog [***...]
Gold:   88         SH:  0    Dex: 12    Spells: 4/4 levels left

rFire    . . .     SeeInvis .   n - +2 dagger (venom)
rCold    . . .     Gourm    .   (no shield)
rNeg     . . .     Faith    .   l - +0 scale mail
rPois    .         Spirit   .   (no helmet)
rElec    .         Reflect  .   (no cloak)
rCorr    .         Harm     .   (no gloves)
MR       .....                  (no boots)
Stlth    ..........             (no amulet)
HPRegen  0.00/turn              (no ring)
MPRegen  0.09/turn              (no ring)

@: non-regenerating
A: damage resistance, heal wounds, sense surroundings 1, no regeneration
a: Heal Wounds, Berserk, Trog's Hand, Renounce Religion


You were on level 5 of the Dungeon.
You worshipped Trog.
Trog was most pleased with you.
You were very hungry.

You visited 1 branch of the dungeon, and saw 4 of its levels.

You collected 88 gold pieces.

Inventory:

Hand Weapons
 a - a +0 mace
 n - a +2 dagger of venom (weapon)
Armour
 b - a +0 animal skin
 l - a +0 scale mail (worn)
Scrolls
 d - 4 scrolls of enchant weapon {unknown}
 e - 3 scrolls of teleportation {unknown}
 h - a scroll of amnesia {unknown}
 i - 3 scrolls of enchant armour {unknown}
 k - a scroll of immolation {unknown}
 m - 2 scrolls of remove curse {unknown}
 o - a scroll of fog {unknown}
Potions
 f - a potion of heal wounds {unknown}
 g - 2 potions of might {unknown}
 j - 2 potions of resistance {unknown}
Comestibles
 c - 7 rations


   Skills:
 + Level 3.8 Fighting
 + Level 0.9 Short Blades
 + Level 4.5 Maces & Flails
 + Level 2.8 Armour
 + Level 3.1 Dodging
 + Level 0.9 Stealth


You had 4 spell levels left.
You didn't know any spells.
Your spell library was empty.

Dungeon Overview and Level Annotations

Branches:
Dungeon (3/15)

Altars:
Cheibriados

Annotations:
D:5 Menkaure


Innate Abilities, Weirdness & Mutations

You are resistant to damage.
You can heal yourself by infusing magical energy.
You passively map a small area around you.
You do not regenerate.


Message History

Menkaure mumbles some strange words.
Menkaure seems to speed up.
You hit the quokka but do no damage.
The quokka is poisoned.
The quokka bites you.
Menkaure calls on the powers of darkness!
Your body is wracked with pain!
You hit the quokka but do no damage.
The quokka looks as sick as possible!
The quokka is heavily wounded.
The quokka misses you.
You feel much better.
You kill the quokka!
Trog accepts your kill.
Menkaure calls on the powers of darkness!
Your body is wracked with pain!
You see here a quokka corpse.
You barely miss Menkaure.
Menkaure shouts, "You disturbed my rest!
Die!"
Menkaure hits you!
You hit Menkaure but do no damage. Menkaure hits you!!
You die...

#.# * #.# *
#.# , * #.# ,
,. #### #.# ,
..#...#* #.#
.......## #.#
........###.#
,#.....M@†...#
#.......#####
##?....##
##...# #### *
, , *


You could see Menkaure.

Vanquished Creatures
  A jelly (D:5)
  2 bullfrog skeletons (D:5)
  2 adders
  An adder zombie (D:5)
  5 worms
  A dart slug (D:1)
  A leopard gecko (D:2)
  4 bats
  3 giant cockroaches
  15 goblins
  7 hobgoblins
  7 jackals
  10 kobolds
  2 quokkas
  2 ball pythons (D:1)
  4 frilled lizards
  11 rats
78 creatures vanquished.

Notes
Turn   | Place    | Note
-------+----------+-------------------------------------------
     0 | D:1      | BinkBink the Deep Dwarf Berserker began the quest for the
                  | Orb.
     0 | D:1      | Reached XP level 1. HP: 20/20 MP: 1/1
    66 | D:1      | Reached XP level 2. HP: 26/28 MP: 2/2
   384 | D:1      | Reached XP level 3. HP: 22/34 MP: 2/2
   420 | D:1      | Reached ** piety under Trog
  1017 | D:2      | Reached XP level 4. HP: 24/42 MP: 3/3
  1117 | D:2      | Reached skill level 4 in Maces & Flails
  1569 | D:3      | Found a snail-covered altar of Cheibriados.
  1646 | D:3      | Reached *** piety under Trog
  1657 | D:3      | You fall into a shaft and drop 2 floors!
  1657 | D:5      | Entered Level 5 of the Dungeon
  1690 | D:5      | Reached XP level 5. HP: 28/49 MP: 4/4
  1743 | D:5      | Noticed Menkaure
  1751 | D:5      | Slain by Menkaure

Levels and vault maps discovered:
D:1:      giann_wishing_wells, layout_basic
D:2:      layout_basic, first_ration, corexii_item_surrounded_by_moat,
          uniq_robin
D:3:      layout_rooms, minivault_19, cheibriados_altar_1
D:5:      layout_loops_corners, cheibrodos_sewer_entry_sluice, basic_altar,
          uniq_menkaure

Skill      XL: |  1  2  3  4 |
---------------+-------------+-----
Fighting       | 3 |  3.8
Maces & Flails | 4 |  4.5
Dodging        | 3 |  3.1
Short Blades   | |  0.9
Armour         | |  2.8
Stealth        | |  0.9

Action                   |  1- 3 |  4- 6 || total
-------------------------+-------+-------++-------
Melee: Mace              |   155 |    62 ||   217
       Dagger            |       |    57 ||    57
Invok: Trog's Hand       |     1 |     1 ||     2
 Abil: Heal Wounds       |     2 |     3 ||     5
 Stab: Sleeping          |     1 |       ||     1
  Eat: Chunk             |       |     3 ||     3
Armor: Animal skin       |    37 |       ||    37
       Scale mail        |     7 |    39 ||    46
Dodge: Dodged            |   149 |    56 ||   205

Table legend:
 A = Non-vault XP
 B = Vault XP
 C = Vault XP percentage of total XP
 D = Non-vault monster count
 E = Vault monster count
 F = Vault count percentage of total count
                 A         B        C        D         E       F
            +---------+---------+-------+---------+---------+-------
      Total |     287 |       2 |   0.7 |      77 |       1 |   1.3
            +---------+---------+-------+---------+---------+-------
        D:1 |      60 |       0 |   0.0 |      36 |       0 |   0.0
        D:2 |      64 |       2 |   3.0 |      25 |       1 |   3.8
        D:3 |      19 |       0 |   0.0 |      10 |       0 |   0.0
        D:5 |     144 |       0 |   0.0 |       6 |       0 |   0.0
            +---------+---------+-------+---------+---------+-------
